Cogmind - Beta 16 @@@ ROGUE MODE // 2026.01.02 @ 00:45:23 Player: jam Result: Destroyed by D-53 Grenadier with Mini Grenade Launcher Performance ------------- Evolutions (1) 500 Regions Visited (3) 600 Robots Destroyed (37) 185 Value Destroyed (667) 667 Prototype IDs (4) 80 Alien Tech Used (0) 0 Bonus (-35) -35 TOTAL SCORE: 1997 Bonus ------- Friendly Fire -35 Cogmind --------- Core Integrity 0/400 Matter 34/300 Energy 107/125 System Corruption 0% Temperature Cool (12) Movement Rolling (110) Ox2 Location -9/Mines Parts ------- > --- POWER (1) -------- Light Ion Engine > --- PROPULSION (4) --- Wheel > --- UTILITY (2) ------ Large Storage Unit > --- WEAPON (2) ------- Heavy EM Shotgun Grenade Launcher > --- INVENTORY (15) --- Small Storage Unit Improved Terrain Scan Processor Heavy EM Shotgun Particle Gun Spread Laser Light EM Pulse Cannon Assault Rifle Peak State ------------ > --- POWER ------------ Improved Ion Engine > --- PROPULSION ------- Aluminum Leg Aluminum Leg Aluminum Leg Aluminum Leg > --- UTILITY ---------- Large Storage Unit Hardened Light Armor Plating > --- WEAPON ----------- Heavy EM Shotgun Heavy EM Shotgun > --- INVENTORY -------- Ion Engine Small Storage Unit Improved Terrain Scan Processor Improved Weapon Shielding Heavy EM Shotgun Heavy EM Shotgun Particle Gun Spread Laser Assault Rifle Grenade Launcher [Rating: 19] Favorites ----------- Power Ion Engine Engine Ion Engine Propulsion Aluminum Leg Leg Aluminum Leg Wheel Wheel Utility Large Storage Unit Device Sensor Array Storage Large Storage Unit Protection Hardened Light Armor Plating Weapon Assault Rifle Energy Gun Heavy EM Shotgun Ballistic Gun Assault Rifle Launcher Rocket Launcher Build | -11 -10 -9 -9 ------- Run | Yrd Mat Mat Min Slots Evolved 2 | . . 2 . Power . | . . . . Propulsion 2 | . . 2 . Utility . | . . . . Weapon . | . . . . Parts Attached 28 | 5 6 16 1 Power 4 | 1 1 1 1 Engine 4 | 1 1 1 1 Core . | . . . . Reactor . | . . . . Propulsion 10 | 2 2 6 . Treads . | . . . . Leg 8 | 2 2 4 . Wheel 2 | . . 2 . Hover . | . . . . Flight . | . . . . Utility 5 | 1 2 2 . Device 1 | . 1 . . Storage 2 | 1 . 1 . Processor . | . . . . Hackware . | . . . . Protection 2 | . 1 1 . Artifact . | . . . . Weapon 9 | 1 1 7 . Energy Gun 5 | . . 5 . Energy Cannon . | . . . . Ballistic Gun 2 | 1 1 . . Ballistic Cannon . | . . . . Launcher 2 | . . 2 . Special Weapon . | . . . . Impact Weapon . | . . . . Slashing Weapon . | . . . . Piercing Weapon . | . . . . Special Melee Weapon . | . . . . Unidentified Prototypes 2 | . . 2 . Parts Lost 11 | . . 4 7 Power 1 | . . . 1 Propulsion 6 | . . 3 3 Utility 1 | . . . 1 Weapon 3 | . . 1 2 Highest Loss Streak 7 | . . 4 7 To Critical Strikes . | . . . . Average Backups 8 | 2 7 9 9 Power . | . 1 . . Propulsion 1 | 1 3 . . Utility 1 | . . 2 2 Weapon 4 | 1 2 6 6 Tool/Special . | . . . . Unused Backups 14 | . 8 1 5 Power 2 | . 2 . . Propulsion 4 | . 4 . . Utility 2 | . . . 2 Weapon 5 | . 1 1 3 Tool/Special 1 | . 1 . . Average Slot Usage (%) 94 | . 93 96 85 Engine 12 | . 14 11 11 Leg 33 | . 28 40 16 Wheel 3 | . . 1 19 Device 2 | . 6 . . Storage 12 | . 14 11 11 Protection 7 | . 1 10 8 Energy Gun 10 | . . 16 16 Ballistic Gun 11 | . 28 4 . Peak Build Rating 19 | 5 9 19 19 Average Rating 11 | 3 6 15 15 On Entrance 8 | . 5 9 19 Avg Prop Armor Cover (%) 13 | . . 15 13 Naked Turns . | . . . . Heaviest Build 40 | 12 21 40 33 Greatest Support 40 | 20 20 40 20 Greatest Overweight (x) 2 | 2 1 1 1 Average Overweight (x) . | . . . 1 Largest Inventory Capacity 15 | 8 8 15 15 Average Capacity 11 | 6 8 14 15 Most Carried 14 | 7 8 14 10 Average Carried 8 | 3 7 10 9 Final Capacity 15 | 8 8 15 15 Final Carried 9 | 7 7 9 7 Class Distribution -------------------- 50% | Mutant 49% | Scavenger-Mutant Dominant Class ---------------- Mutant | -10/Materials Scavenger-Mutant | -9/Materials Scavenger-Mutant | -9/Mines Resources | -11 -10 -9 -9 ----------- Run | Yrd Mat Mat Min Matter Collected 647 | 265 103 279 . Remotely . | . . . . Salvage Created 965 | 64 236 558 107 Parts 75 | . 22 39 14 Haulers Intercepted . | . . . . Recyclers Shooed 2 | . 1 1 . Parts Field Recycled . | . . . . Retrieved Matter . | . . . . Parts Self-Destructed . | . . . . Prevented . | . . . . Parts Restored . | . . . . Kills | -11 -10 -9 -9 ------- Run | Yrd Mat Mat Min Combat Hostiles Destroyed 33 | . 7 13 13 Guns 17 | . 7 8 2 AOE 16 | . . 5 11 Classes Destroyed 11 | 1 3 5 2 Worker 4 | . 1 2 1 Builder 4 | . . 2 2 Recycler 3 | 1 . 2 . Watcher 2 | . . 2 . Swarmer 13 | . 3 7 3 Grunt 6 | . 4 2 . Brawler 1 | . . 1 . Duelist 1 | . . 1 . Sentry 2 | . . 2 . Demolisher 1 | . . . 1 Assembled 9 | . . . 9 Best Kill Streak 13 | 1 3 8 13 Combat Bots Only 10 | . 3 4 10 Max Kills in Single Turn 5 | 1 1 5 3 Gunslinging . | . . . . Exploded 3 | . . 3 3 Melee . | . . . . Uniques/NPCs Destroyed . | . . . . Combat | -11 -10 -9 -9 -------- Run | Yrd Mat Mat Min Hostile Shots Fired 171 | . 34 112 25 Missed 43 | . 9 28 6 Hits 128 | . 25 84 19 Melee 11 | . . 11 . Projectile 117 | . 25 73 19 AOE 17 | . . . 17 Critical Strikes 3 | . . 3 . Damage Taken 2121 | . 278 1199 644 Core 460 | . 31 227 202 Absorbed by Shields . | . . . . Redirected to Shielding 111 | . . 23 88 Core Remaining (%) 93 | 100 87 . . Volleys Fired 87 | 5 27 35 20 Largest 2 | 1 2 2 2 Hottest 115 | 20 40 115 100 Shots Fired 145 | 5 54 60 26 Gun 124 | 5 54 56 9 Cannon . | . . . . Launcher 21 | . . 4 17 Special . | . . . . Kinetic 59 | 5 54 . . Thermal 6 | . . 6 . Explosive 21 | . . 4 17 Electromagnetic 59 | . . 50 9 Robot Hit Streak 20 | 3 6 20 7 Robot Miss Streak 10 | 1 9 10 3 Penetration Max . | . . . . Secondary Targets 1 | . . 1 . Max Gunslinging Chain 1 | . . 1 . Shots Hit Robots 83 | 3 21 38 21 Core Hits 77 | 1 14 32 30 Critical Kills . | . . . . Critical Parts Destroyed . | . . . . Critical Strikes . | . . . . Melee Attacks . | . . . . Impact . | . . . . Slashing . | . . . . Piercing . | . . . . Sneak Attacks . | . . . . Combat Hostiles . | . . . . Follow-up Attacks . | . . . . Damage Inflicted 2807 | 40 337 1351 1079 Guns 1151 | 40 337 634 140 Cannons . | . . . . Explosions 1656 | . . 717 939 Melee . | . . . . Ramming . | . . . . Kinetic 377 | 40 337 . . Thermal 367 | . . 323 44 Explosive 1339 | . . 444 895 Electromagnetic 724 | . . 584 140 Impact . | . . . . Slashing . | . . . . Piercing . | . . . . Highest Corruption . | . . . . Average Corruption . | . . . . Corruption Purged . | . . . . Corruption Blocked . | . . . . Overload Shots . | . . . . Overflow Damage 85 | . . 18 67 Projectiles . | . . . . Explosions 85 | . . 18 67 Melee . | . . . . Knockbacks . | . . . . Impact . | . . . . Kinetic . | . . . . Secondary . | . . . . Self-Inflicted Damage 107 | . . 107 . Shots 3 | . . 3 . Rammed . | . . . . Targets Rammed 2 | . 2 . . Kicked 2 | . 2 . . Crushed . | . . . . Highest Temperature 336 | . 2 336 30 Average Temperature 125 | . 2 147 10 Received Heat Transfer 270 | . 120 150 . Siege Activations . | . . . . Martial Activations . | . . . . Shielding Activations . | . . . . Robots Disrupted . | . . . . Combat Hostiles . | . . . . Robots Corrupted . | . . . . Combat Hostiles . | . . . . Parts Fried . | . . . . Impact Corruptions . | . . . . Robots Melted . | . . . . Combat Hostiles . | . . . . Parts Melted . | . . . . Heat Transferred 365 | . . 315 50 Parts Sabotaged . | . . . . Parts Stolen . | . . . . Parts Stripped . | . . . . Power Chain Reactions 4 | . . 3 1 Alert | -11 -10 -9 -9 ------- Run | Yrd Mat Mat Min Maximum Alert Level 1 | . . 1 . Low Security (%) 99 | 100 100 98 100 Level 1 . | . . 1 . Level 2 . | . . . . Level 3 . | . . . . Level 4 . | . . . . Level 5 . | . . . . High Security . | . . . . Max Security . | . . . . Peak Influence 200 | 5 90 200 168 Initial 76 | . . . 76 Average 68 | . 35 89 128 Influence Increases 816 | 5 215 418 178 Destroy 0b10 Robot/C 480 | . 140 260 80 Destroy 0b10 Robot/NC 65 | 5 5 40 15 Destroy Leader 114 | . 30 64 20 Successful Hack 10 | . 10 . . Disable Machine 30 | . . 15 15 Destroy Structure 72 | . . 24 48 Partial Spotted 15 | . 15 . . Lose Combat Pursuer 30 | . 15 15 . Influence Decreases 682 | 5 215 222 240 Entered New Map 120 | . . . 120 Time Decay 372 | 5 135 182 50 Lost Part 110 | . . 40 70 Purge Threat 80 | . 80 . . Squads Dispatched 1 | . 1 . . Investigation . | . . . . Extermination . | . . . . Reinforcement 1 | . 1 . . Assault . | . . . . Garrison . | . . . . Intercept . | . . . . Searches Triggered . | . . . . Construction Impeded . | . . . . Haulers Reinforced . | . . . . Active Scanning Responses . | . . . . Cargo Convoy Interrupts . | . . . . Stealth | -11 -10 -9 -9 --------- Run | Yrd Mat Mat Min Distress Signals 2 | . . 2 . Communications Jammed . | . . . . Distress Signals . | . . . . Times Spotted 50 | . 13 20 17 Peak Tracking Total 9 | . 4 8 9 Tactical Retreats 2 | . 1 1 . Traps | -11 -10 -9 -9 ------- Run | Yrd Mat Mat Min Traps Triggered 1 | . . 1 . Indirectly . | . . . . Trap Hack Attempts . | . . . . Triggered . | . . . . Disarmed . | . . . . Reprogrammed . | . . . . Reused . | . . . . Traps Extracted . | . . . . Installed . | . . . . Triggered . | . . . . Machines | -11 -10 -9 -9 ---------- Run | Yrd Mat Mat Min Machines Disabled 2 | . . 1 1 Max in Single Turn 1 | . . 1 1 Machines Repaired . | . . . . Machines Dismantled . | . . . . Machines Sabotaged . | . . . . Overloaded Fab Kills . | . . . . Hacking | -11 -10 -9 -9 --------- Run | Yrd Mat Mat Min Machines Accessed 4 | . 3 1 . Terminals 4 | . 3 1 . Fabricators . | . . . . Repair Stations . | . . . . Recycling Units . | . . . . Scanalyzers . | . . . . Garrison Access . | . . . . Total Hacks 14 | . 12 2 . Successful 9 | . 8 1 . Failed 4 | . 3 1 . Catastrophic 2 | . 1 1 . Database Lockouts 1 | . 1 . . Manual . | . . . . Terminals 14 | . 12 2 . Fabricators . | . . . . Repair Stations . | . . . . Recycling Units . | . . . . Scanalyzers . | . . . . Garrison Access . | . . . . Terminal Hacks 9 | . 8 1 . Record 5 | . 4 1 . Prototype ID Bank 1 | . 1 . . Emergency Access Points 1 | . 1 . . Alert Level 1 | . 1 . . Unreport Threat 1 | . 1 . . Fabricator Hacks . | . . . . Repair Station Hacks . | . . . . Recycling Unit Hacks . | . . . . Scanalyzer . | . . . . Garrison Access Hacks . | . . . . Unauthorized Hacks . | . . . . Terminals . | . . . . Fabricators . | . . . . Repair Stations . | . . . . Recycling Units . | . . . . Scanalyzers . | . . . . Garrison Access . | . . . . Data Cores Recovered . | . . . . Used . | . . . . Hacking Detections 4 | . 3 1 . Full Trace Events . | . . . . Feedback Events . | . . . . Feedback Blocked . | . . . . Robot Schematics Acquired . | . . . . Robots Built . | . . . . Authchips . | . . . . Time . | . . . . Total Robot Build Rating . | . . . . Part Schematics Acquired . | . . . . Parts Built . | . . . . Authchips . | . . . . Time . | . . . . Total Part Build Rating . | . . . . Part Studies Acquired . | . . . . Parts Repaired . | . . . . Time . | . . . . Parts Recycled . | . . . . Recycled Matter . | . . . . Retrieved Matter . | . . . . Retrieved Components . | . . . . Parts Scanalyzed . | . . . . Part Schematics Acquired . | . . . . Parts Damaged . | . . . . Bothacking | -11 -10 -9 -9 ------------ Run | Yrd Mat Mat Min Used RIF Installer . | . . . . Robots Hacked . | . . . . Non-combat . | . . . . Combat . | . . . . Robot Hacks Applied . | . . . . Relay Couplers Released . | . . . . Fabnet Peak Effective % . | . . . . Robots Rewired . | . . . . Allies Hacked . | . . . . Hacks Repelled . | . . . . Allies | -11 -10 -9 -9 -------- Run | Yrd Mat Mat Min Total Allies . | . . . . Largest Group . | . . . . Highest-Rated Group . | . . . . Highest-Rated Ally . | . . . . Total Orders . | . . . . Ally Attacks . | . . . . Total Damage . | . . . . Kills . | . . . . Allies Corrupted . | . . . . Allies Melted . | . . . . Intel | -11 -10 -9 -9 ------- Run | Yrd Mat Mat Min Active Infowar (turns) 153 | . 153 . . Sensors 153 | . 153 . . Robot Analysis Total . | . . . . Derelict Logs Recovered 1 | . . . 1 Drone Launches . | . . . . Drone Recoveries . | . . . . Exploration | -11 -10 -9 -9 ------------- Run | Yrd Mat Mat Min Turns Passed 973 | 91 302 476 104 Spaces Moved 538 | 53 152 279 54 Core 17 | 17 . . . Treads . | . . . . Legs 445 | 36 152 257 . Wheels 76 | . . 22 54 Hover . | . . . . Flight . | . . . . Fastest Speed 50 | 50 120 95 95 Average Speed 119 | 122 126 119 95 Slowest Speed 190 | 150 190 190 95 Overloaded Moves . | . . . . Propulsion Burnouts . | . . . . Robots Hopped . | . . . . Potential Cave-ins . | . . . . Cave-ins Triggered . | . . . . Exploration Rate (%) 24 | 4 32 36 25 Regions Visited 3 Branch Regions 1 Pre-discovered Areas . | . . . . Known Exits Taken . | . . . . Unknown Exits Taken 3 | 1 1 1 . Scrap Searched . | . . . . Spaces Dug . | . . . . Terrain Destroyed 88 | . . 29 59 Melee . | . . . . Projectile . | . . . . AOE 88 | . . 29 59 Terrain Rammed . | . . . . Walls Destroyed . | . . . . Machines Disabled . | . . . . Actions | -11 -10 -9 -9 --------- Run | Yrd Mat Mat Min Total 727 | 74 212 360 81 Wait . | . . . . Move 535 | 52 151 278 54 Hop . | . . . . Pick Up 45 | 12 14 18 1 Fast Attach . | . . . . Attach 22 | 5 3 11 3 Detach . | . . . . Swap 16 | . 3 10 3 Drop 20 | . 12 8 . Fire 87 | 5 27 35 20 Melee . | . . . . Ram . | . . . . Kick 2 | . 2 . . Crush . | . . . . Escape Stasis . | . . . . Rewire . | . . . . Trap . | . . . . Miscellaneous . | . . . . Route ------- -11/Scrapyard -10/Materials -9/Materials -9/Mines (discovered 2 exits: Mat / [*Zio]) History --------- Turn | Location | Event 8 | -11/Scrapyard | Discovered new exit (range 16) 92 | -11/Scrapyard | Entered Materials 337 | -10/Materials | Build established: Mutant 342 | -10/Materials | Discovered new exit (range 3) 378 | -10/Materials | Central database locked down 394 | -10/Materials | Entered another Materials area 394 | -9/Materials | Evolved 2 slots: Propulsion x2 689 | -9/Materials | Build established: Scavenger-Mutant 816 | -9/Materials | Core integrity fell below 50% 851 | -9/Materials | Lost 4 parts (3n1w) 854 | -9/Materials | Discovered new exit (range 13) 870 | -9/Materials | Entered Mines 911 | -9/Mines | Identified exit to Materials 913 | -9/Mines | Assembled infested the area 925 | -9/Mines | Met a Derelict bent on vengeance 939 | -9/Mines | A Derelict revealed a hidden shortcut to a safe place 960 | -9/Mines | Core integrity fell below 20% 967 | -9/Mines | Destroyed 10 combat bots 974 | -9/Mines | Destroyed by D-53 Grenadier with Mini Grenade Launcher Last Messages --------------- 00946_ Wheel destroyed. 00946_ Rocket Launcher destroyed. 00946_ D-53 Grenadier destroyed. 00947_ U-05 Engineer builds a Wall. 00948_ K-01 Serf collects debris. 00949_ Imp. Weapon Shielding destroyed. 00949_ U-05 Engineer lays Concrete. 00950_ U-05 Engineer builds a Wall. 00951_ Hvy. EM Shotgun destroyed. 00951_ U-05 Engineer builds a Wall. 00953_ D-53 Grenadier misfires. 00954_ U-05 Engineer builds a Wall. 00956_ D-53 Grenadier misfires. 00957_ The unstable cave ceiling collapses. 00959_ U-05 Engineer builds a Wall. 00961_ The unstable cave ceiling collapses. 00963_ K-01 Serf destroyed. 00963_ U-05 Engineer destroyed. 00967_ D-53 Grenadier misfires. 00968_ The unstable cave ceiling collapses. Map ----- +----------------------------------------------------+ | | | | | | | | | | | | | | | | | ??????????????????????????????????????????#??#???? | | ?????????????????????????????????????????"#""##### | | ????????????????????????????????######### | | ?????????????????????? #???#### | | ????????????### % #??????## # | | ?????????????## # # ##???????## # | | ????????????? < # ####?????????## | | ?????????????# ## #?????????????## | | ?????????????# ??# ###???????????????# | | ?????????????????# # ??????????????????# # | | ????????????????? ???????????????????### | | ???????????????? * ?????????????????????? | | ??????????????????!% ?????????????????????? | | ????????????????????? ??????????????????????? | | ??????????????????????? ???????????????????????? | | ?????????????????????????????????????????????????? | | ?????????????????????????????????????????????????? | | ?????????????????????????????????????????????????? | | ?????????????????????????????????????????????????? | | ?????????????????????????????????????????????????? | | ?????????????????????????????????????????????????? | | ?????????????????????????????????????????????????? | | ?????????????????????????????????????????????????? | | ?????????????????????????????????????????????????? | +----------------------------------------------------+ Best States ------------- Heat Dissipation 28 Energy Generation 12 Energy Capacity 265 Matter Stores 300 Matter Capacity 300 Sight Range 16 Robot Scan Range 14 Terrain Scan Density 10 Armor Coverage 150 Weapon Shielding 66 Evasion (%) 55 Item Schematics ----------------- None Robot Schematics ------------------ None Fabricated ------------ Nothing Repaired ---------- Nothing Studied --------- None Alien Tech Used ----------------- None Achievements -------------- Everything Is Under Control Overwhelming Challenges ------------ None Game ------ Seed TractorModifiedScrapsphere Manual? 0 Play Time 00:18:27 Cumulative 4.9 hours Start 2026.01.02 @ 00:28:26 End 2026.01.02 @ 00:45:23 Sessions 1 Manual Loads 0 Difficulty Rogue Special Mode None Game No. 10 Rogue 7 Adventurer 3 Explorer 0 Win Type - Total 0 Types 0/0/0/0/0/0/0/0/0/0 Lore% 3 Gallery% 10 Achievement% 9 Wizard Run 0 Options --------- Layout 1 ASCII 0 Keyboard 0 Movement Mouse Keybinds 0 Fullscreen 1 Font 20/SmallcapsGlow Map View 55x45 Zoom Use 0% Tactical HUD 1 Map Filters NONE Filters NONE Steam 1 RUN: 45fd8cec-777e-4fb7-841d-961a77e955ea